 Dungeon Crawl Stone Soup version 0.30-a0-394-g3e4acdb0ae (webtiles) character file.

Game seed: 12282449699847839734

283 NinjaNoafa the Gusty (level 6, -2/45 HPs)
             Began as a Draconian Air Elementalist on Dec 6, 2022.
             Was a Follower of Sif Muna.
             Slain by a gnoll
             ... wielding a +0 halberd
              (6 damage)
             ... on level 4 of the Dungeon.
             The game lasted 00:06:30 (3214 turns).

NinjaNoafa the Gusty (Draconian Air Elementalist)   Turns: 3214, Time: 00:06:31

Health: -2/45      AC:  6    Str: 10    XL:     6   Next: 7%
Magic:  5/11       EV: 12    Int: 18    God:    Sif Muna [*.....]
Gold:   171        SH:  0    Dex: 11    Spells: 9/12 levels left

rFire   . . .      SeeInvis .    h - +7 Throatcutter {drain, coup de grace}
rCold   . . .      Faith    +    (no shield)
rNeg    . . .      Spirit   .    (body armour unavailable)
rPois   .          Reflect  .    (helmet restricted)
rElec   .          Harm     .    (no cloak)
rCorr   .          Rampage  .    (no gloves)
Will    .....                    (no boots)
Stlth   ++........               d - amulet of faith
HPRegen 0.27/turn                m - ring of flight
MPRegen 0.12/turn                (no ring)

@: flying
A: AC +6, unfitting armour, cold-blooded
a: Renounce Religion, Channel Magic


You were on level 4 of the Dungeon.
You worshipped Sif Muna.
Sif Muna was aware of your devotion.
You visited 1 branch of the dungeon, and saw 4 of its levels.

You collected 171 gold pieces.

Inventory:

Hand Weapons
 h - the +7 Throatcutter (weapon) {drain, coup de grace}
   (You found it on level 3 of the Dungeon)

   A truly terrible weapon, it drains the life of any living foe it strikes.
   It may instantly kill foes which have little health.
Missiles
 a - a curare-tipped dart
 e - 17 poisoned darts
 j - 33 stones
 l - 3 boomerangs
Jewellery
 d - an amulet of faith (around neck)
 m - a ring of flight (left hand)
Scrolls
 f - 2 scrolls of silence {unknown}
 g - 2 scrolls of identify {unknown}
 k - a scroll of teleportation {unknown}
 n - a scroll of fear {unknown}
Potions
 b - a potion of curing
 c - a potion of cancellation {unknown}
 i - a potion of heal wounds
 o - a potion of haste {unknown}


   Skills:
 - Level 1.7 Dodging
 - Level 1.7 Stealth
 + Level 3.5 Spellcasting
 + Level 3.3 Conjurations
 * Level 4.9 Air Magic


You had 9 spell levels left.
You knew the following spells:

 Your Spells              Type           Power      Damage    Failure   Level
a - Shock                 Conj/Air       72%        1d7       2%          1
b - Static Discharge      Conj/Air       36%        2-4/arc   4%          2

Your spell library contained the following spells:

 Spells                   Type           Power      Damage    Failure   Level
 Swiftness                Air            21%        N/A       6%          3
 Apportation              Tloc           6%         N/A       16%         1
 Necrotise                Necr           12%        1d4       16%         1
 Summon Small Mammal      Summ           12%        N/A       16%         1
 Airstrike                Air            10%        2d(2-18)  21%         4


Dungeon Overview and Level Annotations

Branches:
Dungeon (4/15)
 Temple: D:4-7

Altars:
Sif Muna


Innate Abilities, Weirdness & Mutations

Your plain brown scales are hard. (AC +6)
You cannot fit into any form of body armour.
You are cold-blooded and may be slowed by cold attacks.


Message History

The gnoll barely misses you. The gnoll hits you with a +0 flail.
The kobold barely misses you. The endoplasm freezes you.
You are frozen.
You feel yourself slow down.
Casting: Static Discharge (safe; 4% risk of failure)
Confirm with . or Enter, or press ? or * to list all spells.
The kobold is struck by an arc of lightning.
You kill the kobold!
Sif Muna accepts your kill.
The gnoll is struck by an arc of lightning.
The gnoll is severely wounded.
The gnoll is struck by an arc of lightning.
The gnoll is heavily wounded.
The gnoll is struck by an arc of lightning.
The gnoll is moderately wounded.
The lightning grounds out.
The endoplasm hits you. The gnoll misses you. The gnoll closely misses you.
The gnoll hits you from afar with a +0 spear.
Casting: Static Discharge (safe; 4% risk of failure)
Confirm with . or Enter, or press ? or * to list all spells.
The gnoll is struck by an arc of lightning.
You kill the gnoll!
Sif Muna accepts your kill.
The gnoll is struck by an arc of lightning.
The gnoll is moderately wounded.
You are struck by an arc of lightning.
The lightning grounds out.
You feel yourself speed up. The gnoll closely misses you.
The endoplasm freezes you.
You are frozen.
The gnoll hits you from afar with a +0 spear.
The gnoll closely misses you. The gnoll hits you with a +0 flail.
The gnoll hits you from afar with a +0 halberd!
The gnoll hits you from afar with a +0 spear.
* * * LOW HITPOINT WARNING * * *
The endoplasm hits you but does no damage.
The gnoll hits you with a +0 flail.
* * * LOW HITPOINT WARNING * * *
The gnoll hits you from afar with a +0 halberd.
You die...

........
###...... .
##....... ..
## .......
... .. .....
....
#.♣g..♣.....
#...))g.....
#..J@g......
#.........#.
#...♣..#..#
..... .## .#
#..... ##
##.... ####.
##


You could see 3 gnolls and an endoplasm.

Vanquished Creatures
  2 kobold brigands (D:3)
  Natasha (D:1)
  A gnoll (D:4)
  2 adders
  2 worms (D:2)
  2 dart slugs (D:1)
  8 orcs (D:3)
  9 bats
  7 endoplasms
  4 giant cockroaches
  3 goblins
  2 hobgoblins
  2 jackals (D:1)
  9 kobolds
  5 quokkas
  5 ball pythons
  2 frilled lizards (D:2)
  4 rats
70 creatures vanquished.

Notes
Turn   | Place    | Note
-------+----------+-------------------------------------------
     0 | D:1      | NinjaNoafa the Draconian Air Elementalist began the quest
                  | for the Orb.
     0 | D:1      | Reached XP level 1. HP: 14/14 MP: 3/3
   316 | D:1      | Reached XP level 2. HP: 20/20 MP: 1/5
   910 | D:1      | Reached XP level 3. HP: 26/26 MP: 4/6
  1210 | D:2      | Noticed Natasha
  1227 | D:1      | HP: 1/26 [Natasha (6)]
  1237 | D:1      | Killed Natasha
  1506 | D:2      | Reached XP level 4. HP: 32/33 MP: 6/8
  1609 | D:2      | Learned a level 2 spell: Static Discharge
  2173 | D:2      | Found a shimmering blue altar of Sif Muna.
  2179 | D:2      | Became a worshipper of Sif Muna the Loreminder
  2554 | D:3      | Found the +7 Throatcutter {drain, coup de grace}
  2554 | D:3      | Noticed a kobold brigand
  2554 | D:3      | Noticed a kobold brigand
  2557 | D:3      | Reached skill level 4 in Air Magic
  2565 | D:3      | Killed a kobold brigand
  2566 | D:3      | Reached XP level 5. HP: 12/38 MP: 3/9
  2979 | D:3      | Reached * piety under Sif Muna
  3081 | D:3      | Reached XP level 6. HP: 45/45 MP: 8/11
  3214 | D:4      | Slain by a gnoll

Illustrated notes

Levels and vault maps discovered:
D:1:      spicycebolla_arrival_risky_transporter, layout_basic
D:2:      layout_loops_ring, basic_altar, uniq_natasha
D:3:      layout_loops_cross, dilly_guarded_unrand_throatcut
D:4:      layout_cave_pools, grunt_ministairs_1, grunt_decor_one_mirror,
          due_unseen_surprise

Skill      XL: |  1  2  3  4 |
---------------+-------------+-----
Conjurations   | 2 3 |  3.3
Air Magic      | 4 |  4.9
Spellcasting   | 3 |  3.5
Dodging        | |  1.7
Stealth        | |  1.7

Action                   |  1- 3 |  4- 6 || total
-------------------------+-------+-------++-------
Melee: Unarmed           |    18 |       ||    18
       Tailslap          |     4 |     1 ||     5
       Dagger            |     3 |     5 ||     8
       Long sword        |       |    13 ||    13
 Cast: Shock             |    65 |    27 ||    92
       Static Discharge  |       |    19 ||    19
  Use: Potion            |     4 |     2 ||     6
 Stab: Sleeping          |     2 |     2 ||     4
Armor: Skin              |    37 |    14 ||    51
Dodge: Dodged            |    62 |    32 ||    94

Table legend: (Time is in decaauts)
 A = Elapsed time spent in this place.
 B = Non-inter-level travel time spent in this place.
 C = Inter-level travel time spent in this place.
 D = Time resting spent in this place.
 E = Time spent auto-exploring this place.
 F = Levels seen in this place.
 G = Mean time per level.
                   A        B        C        D        E       F      G
               +--------+--------+--------+--------+--------+-----+--------+
         Total |   3240 |   3098 |    142 |      0 |   2534 |   4 |  810.0 |
       Dungeon |   3240 |   3098 |    142 |      0 |   2534 |   4 |  810.0 |
               +--------+--------+--------+--------+--------+-----+--------+

Top non-repeatable levels by time:
     D:1: 1325 daAuts
     D:3: 982 daAuts
     D:2: 927 daAuts
     D:4: 5 daAuts
